[Event "Titled Tuesday Blitz March 01 Early 2022"]
[White "Mohammadian, Mohammad"]
[Black "Piliczewski, Bogusz"]
[WhiteFideId "12566055"]
[BlackFideId "1104144"]
[WhiteElo "1543"]
[BlackElo "1896"]
[Result "0-1"]
[Round "10"]
[TimeControl "180+1"]
[Date "2022.03.01"]
[WhiteClock "0:00:03"]
[BlackClock "0:00:58"]

1. e4 c6 2. d4 d5 3. Nd2 dxe4 4. Nxe4 Bf5 5. Ng3 Bg6 6. Nf3 Nd7 7. c4 e6 8. Bd3 Bb4+ 9. Bd2 Bxd3 10. Bxb4 Bxc4 11. b3 Ba6 12. Qd2 Ne7 13. O-O-O O-O 14. Rhe1 Re8 15. Kb2 Nd5 16. Ba3 b5 17. Kb1 Qb6 18. Rc1 b4 19. Bb2 Rac8 20. Ka1 Bb5 21. Qc2 a5 22. Ng5 Nf8 23. N3e4 Red8 24. Nc5 h6 25. Nge4 Ra8 26. a4 bxa3 27. Bxa3 Ra7 28. Rb1 Rda8 29. Nd6 Nb4 0-1


[Site "https://www.chess.com"]

[Event "Titled Tuesday Blitz March 01 Early 2022"]
[White "Molina, Roberto Junio Brito"]
[Black "Maltsevskaya, Aleksandra"]
[WhiteFideId "2109450"]
[BlackFideId "24174041"]
[WhiteElo "2402"]
[BlackElo "2283"]
[Result "1-0"]
[Round "10"]
[TimeControl "180+1"]
[Date "2022.03.01"]
[WhiteClock "0:00:30"]
[BlackClock "0:00:02"]

1. d4 Nf6 2. Nf3 g6 3. e3 Bg7 4. Be2 d6 5. O-O Nbd7 6. c4 O-O 7. Nc3 e5 8. b4 a5 9. b5 exd4 10. exd4 d5 11. Ba3 Re8 12. Re1 Ne4 13. Nxd5 c6 14. bxc6 bxc6 15. Ne3 Ba6 16. Bd3 c5 17. Qc2 cxd4 18. Nd5 Ndc5 19. Bxc5 Nxc5 20. Rxe8+ Qxe8 21. Nc7 Qc6 22. Nxa8 Nxd3 23. Qxd3 Qxa8 24. Nxd4 Qc8 25. Rc1 Qd7 26. Rd1 Qa4 27. Qb3 Qxc4 28. Qxc4 Bxc4 29. a4 Bf8 30. Rc1 Bd5 31. Rc8 Kg7 32. Rd8 Bc4 33. Rd7 Bb4 34. g3 h5 35. h4 Kf6 36. Ra7 Bd5 37. Nc6 Ke6 38. Nxa5 Kd6 39. Nb7+ Kc7 40. Nc5+ Kb6 41. Nd3 Kxa7 42. Nxb4 Bb3 43. a5 Bc4 44. f4 Kb7 45. Kf2 Kc7 46. Ke3 Kd6 47. Kd4 Bb5 48. a6 Bf1 49. a7 Bg2 50. Na6 Bb7 51. Nc5 Ba8 52. Ne4+ Kc6 53. Ke5 Kb6 54. Nd6 1-0


[Site "https://www.chess.com"]

[Event "Titled Tuesday Blitz March 01 Early 2022"]
[White "Muradov, Soltan"]
[Black "Shukhman, Anna"]
[WhiteFideId "14002108"]
[BlackFideId "54180058"]
[WhiteElo "1854"]
[BlackElo "1628"]
[Result "0-1"]
[Round "10"]
[TimeControl "180+1"]
[Date "2022.03.01"]
[WhiteClock "0:00:03"]
[BlackClock "0:00:16"]

1. d4 Nf6 2. Nf3 g6 3. Bf4 Bg7 4. e3 O-O 5. Nbd2 d6 6. c3 Nbd7 7. h3 Re8 8. Qc2 e5 9. Bg5 h6 10. Bxf6 Bxf6 11. Bd3 d5 12. dxe5 Nxe5 13. Nxe5 Bxe5 14. Nf3 Bg7 15. O-O c5 16. Bb5 Bf5 17. Qa4 Re4 18. Qa3 c4 19. Ba4 Bf8 20. b4 cxb3 21. Qxb3 b5 22. Qxb5 Rb8 23. Qa6 Bc8 24. Qxa7 Rb7 25. Qa8 Bc5 26. Rad1 Qc7 27. Bb3 Re6 28. Bxd5 Ra7 29. Qxc8+ Qxc8 30. Bxe6 Qxe6 31. Nd4 Bxd4 32. cxd4 Rxa2 33. Rc1 h5 34. Rc5 h4 35. Rfc1 Qf6 36. R5c2 Rxc2 37. Rxc2 Qf5 38. Rc5 Qd3 39. Re5 Kg7 40. Rc5 Kf6 41. Re5 Qd1+ 42. Kh2 Qe1 43. f4 Qg3+ 44. Kg1 Qe1+ 45. Kh2 Qd2 46. Kg1 Kg7 47. Kh2 f6 48. Re7+ Kf8 49. Re4 Kf7 50. f5 gxf5 51. Rxh4 Qxe3 52. Kh1 Qe1+ 53. Kh2 Qxh4 0-1


[Site "https://www.chess.com"]

[Event "Titled Tuesday Blitz March 01 Early 2022"]
[White "Musovic, Armin"]
[Black "Van den Dikkenberg, Erik"]
[WhiteFideId "939935"]
[BlackFideId "1005880"]
[WhiteElo "2250"]
[BlackElo "2118"]
[Result "1-0"]
[Round "10"]
[TimeControl "180+1"]
[Date "2022.03.01"]
[WhiteClock "0:02:15"]
[BlackClock "0:01:50"]

1. a3 d5 2. Nc3 Nf6 3. d3 e5 4. Bg5 Be6 5. e4 d4 6. Nce2 c5 7. h3 Nc6 8. f4 h6 9. Bh4 exf4 10. Nxf4 Qd6 11. Nxe6 Qxe6 12. Bxf6 Qxf6 13. Qh5 Bd6 14. O-O-O O-O 15. Nf3 Ne5 16. Be2 Nxf3 17. Bxf3 Qe5 18. Rhf1 Qxh5 19. Bxh5 f6 20. Bg6 Be5 21. Kb1 b5 22. Rf5 a5 23. g4 b4 24. a4 Rac8 25. b3 Rfd8 26. Rdf1 Rc6 27. h4 Rcc8 28. g5 hxg5 29. hxg5 Kf8 30. Rxe5 1-0


[Site "https://www.chess.com"]

[Event "Titled Tuesday Blitz March 01 Early 2022"]
[White "Nasyrova, Ekaterina"]
[Black "Rudzinska, Michalina"]
[WhiteFideId "44157797"]
[BlackFideId "1172883"]
[WhiteElo "2068"]
[BlackElo "1904"]
[Result "1-0"]
[Round "10"]
[TimeControl "180+1"]
[Date "2022.03.01"]
[WhiteClock "0:00:10"]
[BlackClock "0:00:01"]

1. d4 g6 2. c4 Bg7 3. Nc3 d6 4. g3 Nf6 5. Bg2 O-O 6. Nf3 Re8 7. O-O Nbd7 8. Re1 e5 9. e4 exd4 10. Nxd4 a5 11. f3 Nc5 12. Be3 c6 13. Qd2 a4 14. b4 axb3 15. axb3 Rxa1 16. Rxa1 Qb6 17. Rb1 Qc7 18. b4 Ne6 19. Nde2 Rd8 20. Qc2 d5 21. exd5 cxd5 22. c5 Qe7 23. Nb5 Nc7 24. Bd4 Nxb5 25. Qd2 Nxd4 26. Nxd4 Nd7 27. Nb5 Ne5 28. Re1 Qf6 29. f4 Nc4 30. Qd3 Bf5 31. Qe2 Qb2 32. Qe7 Qf6 33. Qxb7 d4 34. Bd5 d3 35. Rd1 d2 36. Bxc4 Bc2 37. Nd6 Bxd1 38. Bxf7+ Kh8 39. Bd5 Qd4+ 40. Kg2 h6 41. Nf7+ Kh7 42. Nxd8 Be2 43. Qf7 Qxd5+ 44. Qxd5 d1=Q 45. Qxd1 Bxd1 46. Ne6 Bc3 47. b5 Bb3 48. Nc7 Bd4 49. c6 Bc4 50. Kf3 Bb6 51. Na8 Bxb5 52. Nxb6 Bxc6+ 53. Kg4 Kg7 54. Nc4 Bd7+ 55. Kf3 Kf6 56. Ne5 Be6 57. Ke4 g5 58. fxg5+ hxg5 59. Nf3 Bf5+ 60. Ke3 Be6 61. Nd4 Bg4 62. Kf2 Ke5 63. Ke3 Bd7 64. Nf3+ Kf6 65. Ng1 g4 66. Ne2 Kg5 67. Nf4 Bf5 68. Ng2 Bd7 69. Kd4 Be6 70. Ne3 Bc8 71. Ke5 Bd7 72. Nd5 Bf5 73. Nf4 Bd7 74. Ne6+ Kh5 75. Nc5 Bc8 76. Kf4 Kg6 77. Ne4 Bf5 78. Nd6 Be6 79. Ne4 Bc8 80. Nf2 Kh5 81. Nd3 1-0


[Site "https://www.chess.com"]

[Event "Titled Tuesday Blitz March 01 Early 2022"]
[White "Niyazgulova, Marina"]
[Black "Suleymanli, Aydin"]
[WhiteFideId "24142573"]
[BlackFideId "13413937"]
[WhiteElo "2075"]
[BlackElo "2529"]
[Result "0-1"]
[Round "10"]
[TimeControl "180+1"]
[Date "2022.03.01"]
[WhiteClock "0:00:06"]
[BlackClock "0:00:19"]

1. d4 Nf6 2. c4 g6 3. Nc3 d5 4. cxd5 Nxd5 5. e4 Nxc3 6. bxc3 Bg7 7. Bc4 c5 8. Ne2 Nc6 9. Be3 O-O 10. O-O cxd4 11. cxd4 Bg4 12. f3 Na5 13. Bd5 Bd7 14. Rb1 a6 15. a4 e6 16. Ba2 Rc8 17. d5 Nc4 18. Bf2 exd5 19. Qxd5 b5 20. axb5 Bxb5 21. Rfe1 Qe7 22. Bxc4 Bxc4 23. Qa5 Be5 24. Nd4 Rfd8 25. Red1 Rd6 26. Nc2 Bd3 27. Bc5 Bxc2 28. Bxd6 Bxd6 29. Rbc1 Bc5+ 30. Kh1 Bxd1 31. Rxd1 Qe6 32. Rc1 Bf8 33. Ra1 Rc2 34. Qxa6 Qxa6 0-1


[Site "https://www.chess.com"]

[Event "Titled Tuesday Blitz March 01 Early 2022"]
[White "Ohanyan, Emin"]
[Black "Karttunen, Mika"]
[WhiteFideId "13312022"]
[BlackFideId "502081"]
[WhiteElo "1809"]
[BlackElo "2343"]
[Result "0-1"]
[Round "10"]
[TimeControl "180+1"]
[Date "2022.03.01"]
[WhiteClock "0:00:03"]
[BlackClock "0:00:14"]

1. e4 c5 2. Nf3 d6 3. d4 cxd4 4. Nxd4 Nf6 5. Nc3 a6 6. Bc4 e6 7. Bb3 Nbd7 8. f4 Nc5 9. f5 b5 10. fxe6 fxe6 11. Bg5 Qc7 12. Bxf6 gxf6 13. O-O Bg7 14. Qh5+ Qf7 15. Nf5 Bf8 16. Qd1 Nxb3 17. Nxd6+ Bxd6 18. Qxd6 Qa7+ 19. Kh1 Nxa1 20. Nd5 exd5 21. Qxf6 Rg8 22. exd5 Nxc2 23. Qc6+ Bd7 24. Qxc2 Qe3 25. Qxh7 Qg5 26. Qf7+ Kd8 27. Qf2 Qg6 28. d6 Qxd6 29. Qh4+ Kc7 30. Rc1+ Kb6 31. Qf2+ Kb7 32. Qf3+ Bc6 33. Qf7+ Qd7 0-1


[Site "https://www.chess.com"]

[Event "Titled Tuesday Blitz March 01 Early 2022"]
[White "Oparin, Grigoriy"]
[Black "Dubov, Daniil"]
[WhiteFideId "24125890"]
[BlackFideId "24126055"]
[WhiteElo "2685"]
[BlackElo "2791"]
[Result "1-0"]
[Round "10"]
[TimeControl "180+1"]
[Date "2022.03.01"]
[WhiteClock "0:00:14"]
[BlackClock "0:00:14"]

1. d4 e5 2. dxe5 Nc6 3. Nf3 Qe7 4. Nc3 Nxe5 5. Nd5 Nxf3+ 6. gxf3 Qd8 7. Bf4 d6 8. Qd4 Ne7 9. Bg5 f6 10. Bd2 Nxd5 11. Qxd5 c6 12. Qd3 Be6 13. O-O-O Qe7 14. e4 O-O-O 15. Qa3 a6 16. Bb4 Qf7 17. f4 f5 18. e5 d5 19. h4 Rd7 20. c3 Rc7 21. Bc5 Be7 22. Bxe7 Rxe7 23. Qc5 Kc7 24. Be2 b6 25. Qa3 a5 26. Rhg1 c5 27. b4 axb4 28. cxb4 Rb8 29. bxc5 bxc5 30. Qxc5+ Kb7 31. Kd2 Rc8 32. Ba6+ Ka8 33. Bxc8 Bxc8 34. Qxc8+ 1-0


[Site "https://www.chess.com"]

[Event "Titled Tuesday Blitz March 01 Early 2022"]
[White "P., Komal Kishore"]
[Black "Sikorova, Olga"]
[WhiteFideId "5016703"]
[BlackFideId "307033"]
[WhiteElo "2090"]
[BlackElo "2187"]
[Result "0-1"]
[Round "10"]
[TimeControl "180+1"]
[Date "2022.03.01"]
[WhiteClock "0:00:42"]
[BlackClock "0:01:39"]

1. e4 e6 2. d4 d5 3. Nd2 c5 4. exd5 Qxd5 5. Ngf3 cxd4 6. Bc4 Qd6 7. O-O Nf6 8. Re1 Nc6 9. Nb3 a6 10. Nbxd4 Nxd4 11. Nxd4 Bd7 12. Bg5 O-O-O 13. Bh4 Qc5 14. Bf1 Bc6 15. Nb3 Rxd1 16. Nxc5 Rxa1 17. Rxa1 Bxc5 18. h3 Rd8 19. Re1 Rd2 20. Bd3 Bb5 21. Bg5 Rxd3 22. cxd3 Bxd3 23. Bxf6 gxf6 24. Rc1 b6 25. b4 Kc7 26. bxc5 b5 27. Rc3 Bc4 28. a4 Kc6 29. axb5+ axb5 30. Ra3 b4 31. Ra4 Kxc5 32. f3 b3 33. Kf2 b2 0-1


[Site "https://www.chess.com"]

[Event "Titled Tuesday Blitz March 01 Early 2022"]
[White "Pacheco Lugo, Alejandro Jose"]
[Black "Winkels, Marcel"]
[WhiteFideId "3903745"]
[BlackFideId "1003887"]
[WhiteElo "2125"]
[BlackElo "1900"]
[Result "1-0"]
[Round "10"]
[TimeControl "180+1"]
[Date "2022.03.01"]
[WhiteClock "0:01:15"]
[BlackClock "0:00:09"]

1. e4 c5 2. Nf3 d6 3. d4 cxd4 4. Nxd4 Nf6 5. Nc3 a6 6. Be3 e5 7. Nb3 Be6 8. f3 Be7 9. Qd2 h5 10. Nd5 Nxd5 11. exd5 Bf5 12. Na5 Qc7 13. c4 b6 14. Nb3 a5 15. a3 a4 16. Nc1 Na6 17. Be2 Nc5 18. O-O O-O 19. Qb4 Bc2 20. Na2 Bb3 21. Nc3 f5 22. Nb5 Qd7 23. f4 Bf6 24. fxe5 Bxe5 25. Bd4 Rae8 26. Rae1 h4 27. Qc3 Ne4 28. Qc1 Qe7 29. Bf3 Ng5 30. Bxe5 dxe5 31. d6 Qd8 32. Bd5+ Nf7 33. Rxf5 g6 34. Rfxe5 Rxe5 35. Rxe5 Kg7 36. Re7 Qc8 37. Qf4 Qf5 38. Qxf5 gxf5 39. d7 Rd8 40. Rxf7+ Kg6 41. Nd6 1-0


[Site "https://www.chess.com"]

[Event "Titled Tuesday Blitz March 01 Early 2022"]
[White "Pajeken, Jakob Leon"]
[Black "Brunner, Nicolas"]
[WhiteFideId "12942839"]
[BlackFideId "620246"]
[WhiteElo "2351"]
[BlackElo "2372"]
[Result "1/2-1/2"]
[Round "10"]
[TimeControl "180+1"]
[Date "2022.03.01"]
[WhiteClock "0:02:36"]
[BlackClock "0:02:31"]

1. d4 d5 2. Nf3 Nf6 3. c4 e6 4. e3 Be7 5. Nc3 O-O 6. Be2 b6 7. O-O Bb7 8. cxd5 Nxd5 9. Bd3 Nd7 10. e4 Nxc3 11. bxc3 c5 12. Qe2 Qc7 13. Bg5 Bxg5 14. Nxg5 h6 15. Nf3 Rfd8 16. Rac1 Rac8 17. Qe3 Nf6 1/2-1/2


[Site "https://www.chess.com"]

[Event "Titled Tuesday Blitz March 01 Early 2022"]
[White "Paravyan, David"]
[Black "Martinez Alcantara, Jose Eduardo"]
[WhiteFideId "4194985"]
[BlackFideId "3805662"]
[WhiteElo "2569"]
[BlackElo "2690"]
[Result "0-1"]
[Round "10"]
[TimeControl "180+1"]
[Date "2022.03.01"]
[WhiteClock "0:00:05"]
[BlackClock "0:00:06"]

1. e4 c5 2. Nf3 d6 3. d4 cxd4 4. Nxd4 Nf6 5. Nc3 Nc6 6. Bg5 e6 7. Qd2 a6 8. Nxc6 bxc6 9. O-O-O Be7 10. Bxf6 gxf6 11. Bc4 Qb6 12. Rhe1 h5 13. f4 a5 14. f5 a4 15. Kb1 a3 16. b3 Qa5 17. Qd4 e5 18. Qd3 Rb8 19. Re2 h4 20. Red2 Qb4 21. Ka1 Rg8 22. Nb1 Rg4 23. Qe2 Rg5 24. Qe1 Rg4 25. c3 Qc5 26. Qe2 Rg5 27. b4 Qa7 28. Bb3 Ba6 29. Qe1 Rg4 30. Nxa3 Kf8 31. h3 Rg3 32. Kb2 Kg7 33. Qf2 Qxf2 34. Rxf2 c5 35. b5 Bxb5 36. Nxb5 Rxb5 37. Kc2 Ra5 38. Rd3 Rg5 39. Bd5 Bd8 40. Kb3 c4+ 41. Bxc4 Bb6 42. Re2 Bc5 43. a4 Kf8 44. Bb5 Ke7 45. Kc4 Rg8 46. Rd1 Ra7 47. Rb1 Rc7 48. Kb3 Rg3 49. Rc1 Be3 50. Rcc2 Bb6 51. Kb2 Ba5 52. c4 Bb6 53. Ka2 Bc5 54. Rb2 Ra3+ 55. Kb1 Rc3 56. a5 Ra7 57. a6 Kd8 58. Rec2 Re3 59. Re2 Rd3 60. Kc2 Rg3 61. Kd1 Kc7 62. Ra2 Rd3+ 63. Rad2 Ra3 64. Ra2 Rd3+ 65. Kc2 Rg3 66. Rd2 Re3 67. Kd1 Rxe4 68. Rd3 Rf4 69. Rf3 Rd4+ 70. Rd2 Re4 71. Re2 Rd4+ 72. Rd2 Re4 73. Kc2 Re1 74. Rd1 Re2+ 75. Rd2 Re1 76. Rd1 Re4 77. Kd3 Rd4+ 78. Ke2 Re4+ 79. Kd3 Rd4+ 80. Ke2 Re4+ 81. Kf1 Ra8 82. Rd2 Rg8 83. Ra2 Ba7 84. Rd2 Bc5 85. Ra2 Rd4 86. Ke1 Ra8 87. Kf1 Rb8 88. Ke1 d5 89. Rc3 Bb4 90. Rc2 dxc4 91. a7 Ra8 92. Kf2 Bxc3 93. Rxc3 Rxa7 94. Bxc4 Kd6 95. Be2 e4 96. Ke3 Rb4 97. Kf4 Ra2 98. Bh5 Rxg2 99. Bxf7 Rf2+ 100. Kg4 e3+ 101. Kh5 Rxf5+ 102. Kg6 Re5 103. Rd3+ Ke7 104. Rd1 Rg5+ 105. Kh6 Kxf7 0-1


[Site "https://www.chess.com"]

[Event "Titled Tuesday Blitz March 01 Early 2022"]
[White "Pasti, Aron"]
[Black "Moreira, Ronaldo Alonso"]
[WhiteFideId "785857"]
[BlackFideId "2110547"]
[WhiteElo "2080"]
[BlackElo "2037"]
[Result "0-1"]
[Round "10"]
[TimeControl "180+1"]
[Date "2022.03.01"]
[WhiteClock "0:00:07"]
[BlackClock "0:00:13"]

1. e4 e5 2. Nf3 Nc6 3. d4 exd4 4. Bc4 Nf6 5. e5 d5 6. Bb5 Ne4 7. Nxd4 Bc5 8. Nxc6 bxc6 9. Bxc6+ Kf8 10. Bxa8 Bxf2+ 11. Kf1 Ba6+ 12. Qd3 Bxd3+ 13. cxd3 Bb6 14. dxe4 Qh4 15. g3 Qxe4 16. Rg1 Qf3+ 17. Ke1 Qf2+ 18. Kd1 Qxg1+ 19. Kc2 Qxh2+ 20. Bd2 g6 21. Bxd5 Kg7 22. Nc3 Rd8 23. Rd1 Be3 24. Kc1 Bxd2+ 25. Rxd2 Qxg3 26. Kc2 Qxe5 27. Re2 Rxd5 28. Rxe5 Rxe5 29. a4 h5 30. Kd3 h4 31. Kd4 f6 32. Nd5 Rxd5+ 33. Kxd5 h3 34. b4 h2 35. Kc6 h1=Q+ 36. Kxc7 Qe4 37. b5 Qxa4 38. Kc6 a6 39. Kd6 Qxb5 40. Kc7 Qd5 41. Kb6 a5 42. Ka6 a4 43. Kb6 a3 44. Kc7 Qe6 45. Kb7 f5 46. Kb8 Qd7 47. Ka8 Kf6 48. Kb8 Ke6 49. Ka8 Kd6 50. Kb8 Kc6 51. Ka8 Kb6 52. Kb8 Qb7# 0-1


[Site "https://www.chess.com"]

[Event "Titled Tuesday Blitz March 01 Early 2022"]
[White "Politov, Pavel Y."]
[Black "Polster, Christian"]
[WhiteFideId "24110515"]
[BlackFideId "12965081"]
[WhiteElo "2090"]
[BlackElo "2293"]
[Result "1-0"]
[Round "10"]
[TimeControl "180+1"]
[Date "2022.03.01"]
[WhiteClock "0:00:31"]
[BlackClock "0:00:02"]

1. e4 c5 2. Nf3 d6 3. d4 cxd4 4. Nxd4 Nf6 5. Nc3 a6 6. Bg5 Nbd7 7. Qe2 h6 8. Bh4 g6 9. f4 Bg7 10. O-O-O e5 11. fxe5 dxe5 12. Nd5 g5 13. Nf5 Nxd5 14. exd5 gxh4 15. Nxg7+ Kf8 16. Nf5 Qg5+ 17. Ne3 Nf6 18. Kb1 Bd7 19. Nc4 e4 20. Qe3 Kg7 21. Be2 Bb5 22. Qd4 Rhd8 23. Ne3 Bxe2 24. Rde1 Bg4 25. h3 Be6 26. c4 b5 27. b3 bxc4 28. bxc4 Rab8+ 29. Ka1 Bd7 30. Rhf1 Re8 31. Rf2 Qe5 32. Qxe5 Rxe5 33. Ref1 Rb6 34. c5 Rb5 35. Rxf6 Rxc5 36. Rxf7+ Kg8 37. Rxd7 Rc3 38. Ng4 Rg5 39. Nxh6+ Kh8 40. Rf8+ 1-0


[Site "https://www.chess.com"]

[Event "Titled Tuesday Blitz March 01 Early 2022"]
[White "Ponkratov, Pavel"]
[Black "Sarana, Alexey"]
[WhiteFideId "4157800"]
[BlackFideId "24133795"]
[WhiteElo "2487"]
[BlackElo "2665"]
[Result "1/2-1/2"]
[Round "10"]
[TimeControl "180+1"]
[Date "2022.03.01"]
[WhiteClock "0:00:09"]
[BlackClock "0:00:05"]

1. c4 e5 2. Nc3 Bb4 3. Nd5 Be7 4. Nf3 Nc6 5. Qc2 Nf6 6. a3 O-O 7. Ng5 g6 8. h4 Nxd5 9. cxd5 Nd4 10. Qc3 d6 11. d3 f6 12. Nf3 Nxf3+ 13. gxf3 f5 14. f4 Bf6 15. fxe5 dxe5 16. Qc4 Qd6 17. Bg5 Bd7 18. Rc1 Rac8 19. Bg2 a5 20. Qc5 b6 21. Qxd6 cxd6 22. Rxc8 Bxc8 23. Bxf6 Rxf6 24. Kd2 Kf8 25. Rc1 Bd7 26. Rc7 Ke7 27. Rb7 b5 28. b4 axb4 29. axb4 Rf8 30. Ra7 h6 31. e3 g5 32. hxg5 hxg5 33. Bf1 Rb8 34. Kc3 Rc8+ 35. Kd2 Kd8 36. e4 f4 37. Ra6 Ke7 38. Ra7 Kd8 39. Be2 Rc7 40. Ra8+ Ke7 41. Rh8 Ra7 42. Rh7+ Kd8 43. Rg7 Ra2+ 44. Kd1 Ra1+ 45. Kd2 Ra2+ 46. Ke1 Rb2 47. Rg8+ Kc7 48. Rg7 Rb1+ 49. Kd2 Rb2+ 50. Ke1 Kc8 51. Rg8+ Kc7 52. Rg7 1/2-1/2


[Site "https://www.chess.com"]

[Event "Titled Tuesday Blitz March 01 Early 2022"]
[White "Potapova, Margarita"]
[Black "Panesar Vedant"]
[WhiteFideId "14126869"]
[BlackFideId "35033018"]
[WhiteElo "2209"]
[BlackElo "1971"]
[Result "0-1"]
[Round "10"]
[TimeControl "180+1"]
[Date "2022.03.01"]
[WhiteClock "0:00:01"]
[BlackClock "0:00:16"]

1. d4 Nf6 2. c4 g6 3. Nc3 d5 4. cxd5 Nxd5 5. e4 Nxc3 6. bxc3 Bg7 7. Be3 c5 8. Nf3 Qa5 9. Qd2 O-O 10. Rc1 Nd7 11. Be2 e5 12. d5 Nf6 13. c4 Qa4 14. Bd3 b6 15. O-O Ng4 16. Bg5 f6 17. h3 fxg5 18. hxg4 h6 19. Nh2 Rf6 20. f3 Bf8 21. Rfe1 Bd6 22. Nf1 Qd7 23. Ng3 Kg7 24. Qc2 Qe8 25. Qd2 Bd7 26. Bc2 Rf8 27. Ra1 Rh8 28. a4 Rb8 29. a5 b5 30. cxb5 Bxb5 31. Bd3 c4 32. Bf1 Qc8 33. Kh2 Qc5 34. Qe3 Rhc8 35. Qxc5 Bxc5 36. Rec1 Bd4 37. Rab1 a6 38. Ne2 c3 39. d6 Bxe2 40. Bxe2 Rxb1 41. Rxb1 c2 42. Rc1 Kf6 43. d7 Rd8 44. Rxc2 Rxd7 45. Rc6+ Kg7 46. Rxa6 Be3 47. Rc6 Bf4+ 48. Kg1 Rd2 49. Kf1 Ra2 50. a6 Bg3 51. Rc7+ Kf6 52. Rd7 h5 53. a7 Ra1+ 54. Bd1 Ke6 55. Rb7 hxg4 56. Rb6+ Kd7 0-1


[Site "https://www.chess.com"]

[Event "Titled Tuesday Blitz March 01 Early 2022"]
[White "Prado Lobo, Jonas"]
[Black "Kett, Tim"]
[WhiteFideId "32050666"]
[BlackFideId "1801210"]
[WhiteElo "2199"]
[BlackElo "2098"]
[Result "1-0"]
[Round "10"]
[TimeControl "180+1"]
[Date "2022.03.01"]
[WhiteClock "0:00:05"]
[BlackClock "0:00:05"]

1. d4 d5 2. c4 e6 3. Nc3 Nf6 4. cxd5 exd5 5. Bg5 c6 6. Qc2 Be7 7. e3 Nbd7 8. Bd3 O-O 9. Nge2 h6 10. Bh4 Nh5 11. Bxe7 Qxe7 12. O-O-O b5 13. g4 Nhf6 14. Ng3 Nb6 15. Rdg1 Bxg4 16. Bf5 Bf3 17. Bh3 Bxh1 18. Nf5 Qb7 19. Nxg7 Kh8 20. Qf5 Qe7 21. Qf4 Ng8 22. Nf5 Qf6 23. Rxh1 Nc4 24. Rg1 Rae8 25. Qg3 b4 26. Ne2 Re4 27. Nf4 c5 28. Nh5 Qg6 29. Qxg6 fxg6 30. Rxg6 cxd4 31. Nxh6 dxe3 32. Nxg8 e2 33. Ngf6 e1=Q+ 34. Kc2 Qd2+ 35. Kb3 Qd3+ 36. Ka4 Nb6+ 37. Ka5 Rxf6 38. Nxf6 Rd4 39. Rg8# 1-0


[Site "https://www.chess.com"]

[Event "Titled Tuesday Blitz March 01 Early 2022"]
[White "Prieto Aranguren, Alain"]
[Black "Vifleemskaia, Svetlana"]
[WhiteFideId "2268906"]
[BlackFideId "4129490"]
[WhiteElo "2235"]
[BlackElo "1901"]
[Result "1/2-1/2"]
[Round "10"]
[TimeControl "180+1"]
[Date "2022.03.01"]
[WhiteClock "0:00:11"]
[BlackClock "0:00:16"]

1. d4 Nf6 2. c4 e6 3. Nc3 Bb4 4. e3 b6 5. Ne2 Bb7 6. a3 Bxc3+ 7. Nxc3 O-O 8. Bd3 d6 9. O-O e5 10. d5 a5 11. e4 Nbd7 12. f3 Nc5 13. Bc2 Nh5 14. Be3 Nf4 15. b4 Nd7 16. c5 bxc5 17. bxc5 Nxc5 18. Bxc5 dxc5 19. Na4 Ba6 20. Rf2 Qd6 21. Rc1 c4 22. Bb1 Qxa3 23. Ra2 Qe3+ 24. Kh1 Nd3 25. Bxd3 cxd3 26. Nc5 Bb5 27. Rd2 a4 28. Nxd3 Bxd3 29. Rxd3 Qb6 30. Ra3 Qa5 31. Rc4 Rfb8 32. h3 Rb4 33. Rc6 Rd4 34. Qc2 Ra7 35. d6 Ra8 36. dxc7 Rc8 37. Qc5 Qxc5 38. Rxc5 f6 39. Ra2 Kf7 40. Rb2 Ke7 41. Rb8 Kd7 42. Rxc8 Kxc8 43. Rc3 Rd7 44. Ra3 Rd4 45. Rc3 Rd7 46. Ra3 Rd4 47. Rc3 1/2-1/2


[Site "https://www.chess.com"]

[Event "Titled Tuesday Blitz March 01 Early 2022"]
[White "Qashashvili, Alexandre"]
[Black "Sahin, Handenur"]
[WhiteFideId "13600842"]
[BlackFideId "6334865"]
[WhiteElo "2316"]
[BlackElo "2190"]
[Result "1-0"]
[Round "10"]
[TimeControl "180+1"]
[Date "2022.03.01"]
[WhiteClock "0:00:21"]
[BlackClock "0:00:14"]

1. e4 e5 2. Nc3 Nc6 3. Nf3 Nf6 4. d4 exd4 5. Nxd4 Bb4 6. Nxc6 bxc6 7. Bd3 d6 8. O-O Ng4 9. h3 Ne5 10. Bf4 Qh4 11. Bxe5 dxe5 12. Qf3 O-O 13. Bc4 Bc5 14. Ne2 Rb8 15. b3 Qh6 16. Ng3 Be6 17. Bxe6 fxe6 18. Qh5 Qd2 19. Qe2 Qc3 20. Qd3 Qxd3 21. cxd3 Bd4 22. Rac1 c5 23. Ne2 Rf7 24. Nxd4 cxd4 25. Rc5 Rb6 26. Rxe5 Ra6 27. a4 Rb6 28. Rb5 Rxb5 29. axb5 Rf8 30. Rc1 Rb8 31. Rxc7 Rxb5 32. Rc4 e5 33. b4 Kf7 34. f4 exf4 35. Rxd4 Ke6 36. Kf2 Ke5 37. Rc4 Kd6 38. Kf3 g5 39. d4 a5 40. bxa5 Rxa5 41. Rc5 Ra3+ 42. Kf2 Ra2+ 43. Kg1 h6 44. e5+ Ke6 45. Rc6+ Kd5 46. Rd6+ Ke4 47. e6 Kf5 48. d5 Re2 49. Rd7 Kf6 50. Kf1 Re5 51. Kf2 h5 52. Kf3 Re3+ 53. Kf2 g4 54. hxg4 hxg4 55. Rf7+ Kg5 56. e7 g3+ 57. Kf1 Kg6 58. Rxf4 Rxe7 59. Rg4+ Kf5 60. Rxg3 Rd7 61. Rd3 Ke4 62. Rd1 Rxd5 63. Rxd5 Kxd5 64. Kf2 Ke4 65. Kg3 Kf5 66. Kh4 Kf6 67. Kh5 Kf5 68. g4+ Kf6 69. Kh6 Kf7 70. g5 Kg8 71. Kg6 Kh8 72. Kf7 Kh7 73. g6+ 1-0


[Site "https://www.chess.com"]

[Event "Titled Tuesday Blitz March 01 Early 2022"]
[White "Quirke, Jeffrey"]
[Black "Boraso, Alessio"]
[WhiteFideId "2013029"]
[BlackFideId "848077"]
[WhiteElo "2154"]
[BlackElo "2277"]
[Result "0-1"]
[Round "10"]
[TimeControl "180+1"]
[Date "2022.03.01"]
[WhiteClock "0:00:10"]
[BlackClock "0:00:42"]

1. c4 c5 2. Nf3 h6 3. Nc3 g5 4. g3 Bg7 5. Bg2 d6 6. O-O Nd7 7. e3 Nf8 8. d4 Bd7 9. b3 Ng6 10. Bb2 Bc6 11. d5 Bd7 12. e4 Qc8 13. Re1 Bg4 14. Qc2 Bxf3 15. Bxf3 Ne5 16. Bg2 g4 17. Ne2 h5 18. Nf4 h4 19. Rab1 Nf6 20. Qe2 Nh5 21. Nd3 hxg3 22. hxg3 Qd7 23. Bxe5 Bxe5 24. Nxe5 dxe5 25. Qe3 Qd6 26. Bf1 Nf4 27. Be2 Qh6 0-1


[Site "https://www.chess.com"]

[Event "Titled Tuesday Blitz March 01 Early 2022"]
[White "Risteski, Emil"]
[Black "Neiksans, Arturs"]
[WhiteFideId "15005267"]
[BlackFideId "11601388"]
[WhiteElo "2070"]
[BlackElo "2447"]
[Result "0-1"]
[Round "10"]
[TimeControl "180+1"]
[Date "2022.03.01"]
[WhiteClock "0:00:09"]
[BlackClock "0:01:31"]

1. e4 c5 2. Be2 Nc6 3. f4 e6 4. Nf3 d5 5. d3 Bd6 6. O-O Nge7 7. c3 f6 8. Na3 a6 9. Nc2 Qc7 10. g3 Bd7 11. a3 h5 12. Nh4 O-O-O 13. Kg2 Rdg8 14. f5 Ne5 15. exd5 Nxd5 16. d4 Bc6 17. Kh3 g5 18. fxg6 Nxg6 19. dxc5 Bxg3 20. hxg3 Nxh4 21. Bf4 Nxf4+ 22. Rxf4 Rxg3+ 23. Kxg3 Rg8+ 24. Kxh4 Qxf4+ 25. Kxh5 Qg5# 0-1


[Site "https://www.chess.com"]

[Event "Titled Tuesday Blitz March 01 Early 2022"]
[White "Roberson, Peter T"]
[Black "Gabdrakhmanov, Azat"]
[WhiteFideId "412384"]
[BlackFideId "34189197"]
[WhiteElo "2346"]
[BlackElo "2279"]
[Result "1-0"]
[Round "10"]
[TimeControl "180+1"]
[Date "2022.03.01"]
[WhiteClock "0:00:05"]
[BlackClock "0:00:04"]

1. e4 c5 2. Na3 Nc6 3. Bb5 Nd4 4. Bc4 e6 5. c3 Nc6 6. Nf3 Nf6 7. e5 Ng4 8. d4 cxd4 9. cxd4 d6 10. h3 Nh6 11. Bxh6 gxh6 12. exd6 Bxd6 13. O-O Rg8 14. Nb5 Bb8 15. d5 exd5 16. Re1+ Kf8 17. Bxd5 a6 18. Nc3 Ne7 19. Qd2 Rg6 20. Rad1 Bxh3 21. Nh4 Rg5 22. Bxb7 Qxd2 23. Rxd2 Ra7 24. Rd8+ Kg7 25. Rxb8 Ng6 26. Nxg6 hxg6 27. Kh2 Be6 28. Bf3 Rc5 29. Rb7 Rxb7 30. Bxb7 a5 31. Re3 h5 32. f3 h4 33. Kg1 Rg5 34. Kf2 h3 35. gxh3 Bxh3 36. f4 Rh5 37. Re5 Bf5 38. Rxa5 Rh2+ 39. Ke3 Rxb2 40. Be4 Be6 41. a4 Rb3 42. Kd4 Rb4+ 43. Kd3 Bc4+ 44. Ke3 Be6 45. Rc5 Rb3 46. a5 Ra3 47. Kd4 f5 48. Bb7 Kf6 49. a6 Bd7 50. Nb5 Ra4+ 51. Kd5 Ke7 52. a7 Re4 53. a8=Q Be6+ 54. Kc6 Bd7+ 55. Kb6 Rb4 56. Qb8 Rd4 57. Qe5+ Kd8 58. Qxd4 1-0


[Site "https://www.chess.com"]